Map: Blackpink LE

Players

axu - Winner!

  • Race: Protoss Protoss
  • League: Platinum
  • Spawn Location: 1:00

lex

  • Race: Protoss Protoss
  • Spawn Location: 7:00

VOD

Have the link to the VOD?

Description

Time

  • Played on: April 3, 2018, 11:25 a.m.
  • Length: 5:47
Show
View Real Time Build Order
Export as new Build Order

axu Protoss - Winner!

Build Orders: 1 Gate Expand 

Get SALT Encoding   

  12  0:00  Probe  
  13  0:13  Probe  
  14  0:19  Pylon  
  14  0:25  Probe  
  15  0:37  Probe  
  16  0:43  Gateway  
  16  0:51  Probe (Chrono Boost)  
  16  0:54  Assimilator  
  17  1:03  Probe (Chrono Boost)  
  18  1:10  Probe (Chrono Boost)  
  19  1:17  Probe  
  20  1:26  Nexus  
  20  1:36  Cybernetics Core  
  20  1:44  Probe  
  21  1:51  Assimilator  
  21  1:54  Pylon  
  21  1:56  Probe  
  22  2:08  Probe  
  23  2:20  Probe  
  24  2:32  Probe, Warp Gate (Chrono Boost)  
  24  2:33  Robotics Facility  
  24  2:35  Stalker  
  27  2:44  Probe  
  28  2:57  Probe  
  28  2:58  Gateway x2  
  29  3:03  Probe  
  30  3:09  Probe  
  31  3:13  Stalker  
  31  3:16  Probe  
  34  3:21  Probe  
  34  3:28  Probe  
  34  3:33  Probe  
  36  3:39  Observer, Pylon  
  37  3:45  Stalker x2  
  37  3:48  Stalker  
  43  3:51  Probe  
  43  3:52  Probe  
  45  4:01  Pylon  
  45  4:11  Immortal (Chrono Boost)  
  49  4:25  Shield Battery  
  49  4:27  Shield Battery  
  49  4:28  Stalker x2  
  49  4:30  Stalker  
  55  4:39  Probe x2  
  55  4:44  Assimilator  
  57  4:47  Assimilator  
  57  4:52  Immortal (Chrono Boost)  
  61  4:58  Pylon  
  61  5:03  Pylon  
  61  5:17  Pylon  
  61  5:23  Stalker x2  
  61  5:24  Observer (Chrono Boost)  
Show
View Real Time Build Order
Export as new Build Order

lex Protoss 

Build Orders:  

Get SALT Encoding   

  12  0:12  Probe (Chrono Boost)  
  14  0:21  Pylon  
  14  0:22  Probe (Chrono Boost)  
  14  0:27  Probe (Chrono Boost)  
  15  0:39  Probe  
  15  0:40  Gateway  
  16  0:51  Probe  
  17  1:01  Pylon  
  17  1:04  Probe  
  18  1:16  Probe  
  18  1:17  Assimilator  
  19  1:27  Cybernetics Core  
  19  1:28  Zealot  
  19  1:29  Probe  
  22  1:33  Assimilator  
  22  1:43  Gateway  
  22  1:47  Probe (Chrono Boost)  
  23  1:57  Probe (Chrono Boost)  
  24  2:02  Probe (Chrono Boost)  
  24  2:03  Warp Gate (Chrono Boost)  
  25  2:14  Probe  
  26  2:18  Stalker  
  28  2:26  Probe  
  29  2:38  Probe  
  30  2:59  Probe  
  30  3:02  Robotics Facility  
  31  3:06  Gateway  
  31  3:10  Gateway  
  31  3:33  Pylon  
  31  3:48  Nexus  
  31  3:51  Probe  
  32  3:56  Pylon  
  32  4:02  Immortal (Chrono Boost)  
  36  4:15  Stalker  
  38  4:17  Zealot, Stalker  
  38  4:18  Stalker  
  42  4:39  Stalker  
  42  4:40  Zealot  
  46  4:47  Pylon  
  46  4:53  Pylon  
  46  4:58  Immortal (Chrono Boost)  
  50  5:00  Sentry  
  50  5:04  Zealot, Stalker  
  50  5:06  Stalker  
  58  5:11  Probe  
Tags
 
League
Platinum
Matchup
PvP
Spawn Locations
Cross Positions
Add a new tag
Caveats
  • Supply blocks, unpowered buildings, or Contaminate may cause inaccurate times.
  • Supply counts are checked every 10 seconds.